Cogmind - Beta 13 @@@ ROGUE MODE // 2024.04.08 @ 11:13:42 Player: Asterix Result: Destroyed by G-47 Trooper with Particle Gun Performance ------------- Evolutions (2) 1000 Regions Visited (3) 600 Robots Destroyed (51) 255 Value Destroyed (1439) 1439 Prototype IDs (8) 160 Alien Tech Used (0) 0 Bonus (0) 0 TOTAL SCORE: 3454 Bonus ------- None Cogmind --------- Core Integrity 0/550 Matter 300/300 Energy 100/100 System Corruption 0% Temperature Cool (9) Movement Core (1350) Ox26 Location -8/Materials Parts ------- > --- POWER (2) -------- (None) > --- PROPULSION (3) --- (None) > --- UTILITY (3) ------ Huge Storage Unit Salvage Targeting Computer > --- WEAPON (3) ------- (None) > --- INVENTORY (25) --- Ion Engine Reinforced Ion Engine Light Treads Light Treads Cargo Storage Unit Large Battery (200) Seismic Detector Core Shielding Hardened Medium Armor Plating Peak State ------------ > --- POWER ------------ Light Nuclear Core Light Nuclear Core > --- PROPULSION ------- Light Treads Light Treads Light Treads > --- UTILITY ---------- Improved Heat Sink Huge Storage Unit Salvage Targeting Computer > --- WEAPON ----------- EM Pulse Gun Particle Gun Particle Gun > --- INVENTORY -------- Ion Engine Reinforced Ion Engine Light Treads Light Treads Cargo Storage Unit Large Battery Seismic Detector Core Shielding Hardened Medium Armor Plating Small Laser Heavy Assault Rifle [Rating: 21] Favorites ----------- Power Reinforced Ion Engine Engine Reinforced Ion Engine Power Core Light Nuclear Core Propulsion Aluminum Leg Treads Light Treads Leg Aluminum Leg Wheel Wheel Utility Huge Storage Unit Device Improved Heat Sink Storage Huge Storage Unit Processor Salvage Targeting Computer Protection Weapon Shielding Weapon Shotgun Energy Gun Small Laser Energy Cannon Light EM Pulse Cannon Ballistic Gun Shotgun Build | -11 -10 -9 -8 ------- Run | Yrd Mat Mat Mat Slots Evolved 4 | . . 2 2 Power 1 | . . 1 . Propulsion 1 | . . 1 . Utility 1 | . . . 1 Weapon 1 | . . . 1 Parts Attached 60 | 7 14 28 11 Power 7 | 1 2 2 2 Engine 5 | 1 2 2 . Core 2 | . . . 2 Reactor . | . . . . Propulsion 16 | 2 2 12 . Treads 5 | 2 . 3 . Leg 5 | . 2 3 . Wheel 6 | . . 6 . Hover . | . . . . Flight . | . . . . Utility 21 | 2 6 9 4 Device 5 | . . 3 2 Storage 8 | 2 3 3 . Processor 2 | . 1 1 . Hackware . | . . . . Protection 6 | . 2 2 2 Artifact . | . . . . Weapon 16 | 2 4 5 5 Energy Gun 6 | . 1 1 4 Energy Cannon 2 | . 2 . . Ballistic Gun 8 | 2 1 4 1 Ballistic Cannon . | . . . . Launcher . | . . . . Special Weapon . | . . . . Impact Weapon . | . . . . Slashing Weapon . | . . . . Piercing Weapon . | . . . . Special Melee Weapon . | . . . . Unidentified Prototypes . | . . . . Parts Lost 22 | . 4 6 12 Power 3 | . 1 . 2 Propulsion 7 | . . 4 3 Utility 3 | . 2 . 1 Weapon 9 | . 1 2 6 Highest Loss Streak 10 | . 3 4 10 To Critical Strikes . | . . . . Average Slot Usage (%) 85 | . 90 82 89 Engine 17 | . 13 20 14 Treads 10 | . 15 2 25 Leg 12 | . 12 16 . Wheel 1 | . . 3 . Device 1 | . . . 7 Storage 9 | . 10 8 9 Processor 5 | . 2 5 9 Protection 3 | . 8 2 1 Energy Gun 6 | . 2 3 18 Energy Cannon 3 | . 9 1 . Ballistic Gun 13 | . 13 16 2 Naked Turns . | . . . . Heaviest Build 166 | 10 88 166 109 Greatest Support 60 | 40 40 60 60 Greatest Overweight (x) 34 | . 2 34 27 Average Overweight (x) 1 | . . 2 1 Largest Inventory Capacity 30 | 8 25 30 25 Average Capacity 16 | 7 7 18 25 Most Carried 14 | 5 5 11 14 Average Carried 5 | . 2 6 10 Final Capacity 25 | 8 5 25 25 Final Carried 10 | . 3 9 10 Class Distribution -------------------- 66% | Mutant 23% | Scavenger-Mutant 9% | Scavenger-Gunner Dominant Class ---------------- Mutant | -10/Materials Mutant | -9/Materials Scavenger-Gunner | -8/Materials Resources | -11 -10 -9 -8 ----------- Run | Yrd Mat Mat Mat Matter Collected 1339 | 266 396 594 83 Remotely . | . . . . Salvage Created 2011 | 98 705 766 442 Parts 131 | 2 49 53 27 Haulers Intercepted 1 | . . . 1 Recyclers Shooed 1 | . . . 1 Parts Field Recycled . | . . . . Retrieved Matter . | . . . . Parts Self-Destructed . | . . . . Prevented . | . . . . Kills | -11 -10 -9 -8 ------- Run | Yrd Mat Mat Mat Combat Hostiles Destroyed 36 | . 15 13 8 Guns 24 | . 3 13 8 Cannons 12 | . 12 . . Classes Destroyed 10 | 1 4 2 3 Worker 5 | . 3 2 . Builder 1 | . . 1 . Tunneler 1 | . . . 1 Hauler 1 | . . . 1 Recycler 2 | 1 . 1 . Watcher 5 | . 3 2 . Swarmer 5 | . 4 1 . Grunt 24 | . 11 7 6 Sentry 6 | . . 5 1 Hunter 1 | . . . 1 Best Kill Streak 6 | 1 6 5 5 Combat Bots Only 4 | . 4 4 2 Max Kills in Single Turn 2 | 1 1 1 2 Gunslinging 1 | . . . 1 Exploded . | . . . . Melee . | . . . . Uniques/NPCs Destroyed . | . . . . Combat | -11 -10 -9 -8 -------- Run | Yrd Mat Mat Mat Hostile Shots Fired 348 | . 101 102 145 Missed 96 | . 29 27 40 Damage Taken 3343 | . 693 905 1745 Core 763 | . 120 92 551 Absorbed by Shields 103 | . . . 103 Redirected to Shielding 26 | . 23 3 . Core Remaining (%) 76 | 100 52 77 . Volleys Fired 141 | 2 42 61 36 Largest 3 | 1 2 2 3 Hottest 170 | 20 76 76 170 Shots Fired 268 | 2 83 113 70 Gun 227 | 2 46 109 70 Cannon 41 | . 37 4 . Launcher . | . . . . Special . | . . . . Kinetic 153 | 2 42 102 7 Thermal 62 | . . 7 55 Explosive . | . . . . Electromagnetic 53 | . 41 4 8 Robot Hit Streak 15 | 2 10 15 15 Robot Miss Streak 6 | . 2 6 4 Penetration Max . | . . . . Secondary Targets 2 | . . 1 1 Max Gunslinging Chain 1 | . . 1 1 Shots Hit Robots 169 | 2 45 74 48 Core Hits 83 | 1 24 35 23 Critical Kills . | . . . . Critical Parts Destroyed . | . . . . Critical Strikes . | . . . . Melee Attacks . | . . . . Impact . | . . . . Slashing . | . . . . Piercing . | . . . . Sneak Attacks . | . . . . Combat Hostiles . | . . . . Follow-up Attacks . | . . . . Damage Inflicted 2935 | 29 973 1137 796 Guns 1892 | 29 192 1070 601 Cannons 848 | . 781 67 . Explosions 184 | . . . 184 Melee . | . . . . Ramming 11 | . . . 11 Kinetic 1273 | 29 168 1028 48 Thermal 523 | . . 42 481 Explosive 184 | . . . 184 Electromagnetic 944 | . 805 67 72 Impact . | . . . . Slashing . | . . . . Piercing . | . . . . Highest Corruption 5 | . 5 2 . Average Corruption 2 | . 3 2 . Corruption Purged . | . . . . Corruption Blocked . | . . . . Effects 11 | . 5 6 . Message Errors 3 | . 1 2 . Matter Fused 2 | . 1 1 . Heat Flow Errors 2 | . 2 . . Energy Discharges 3 | . . 3 . Weapon Failures 1 | . 1 . . Overload Shots . | . . . . Overflow Damage 42 | . 19 . 23 Projectiles 19 | . 19 . . Explosions 23 | . . . 23 Melee . | . . . . Knockbacks . | . . . . Impact . | . . . . Kinetic . | . . . . Secondary . | . . . . Self-Inflicted Damage 167 | . . . 167 Shots 2 | . . . 2 Rammed 2 | . . . 2 Targets Rammed 2 | . . . 2 Kicked . | . . . . Crushed . | . . . . Highest Temperature 453 | . 272 327 453 Average Temperature 116 | . 58 110 191 Received Heat Transfer 1510 | . 213 411 886 Effects 10 | . . 4 6 Shutdowns 5 | . . 1 4 Energy Bleed 2 | . . 2 . Interference 3 | . . 1 2 Siege Activations . | . . . . Robots Corrupted . | . . . . Combat Hostiles . | . . . . Parts Fried 1 | . 1 . . Impact Corruptions . | . . . . Robots Melted . | . . . . Combat Hostiles . | . . . . Parts Melted 3 | . . . 3 Heat Transferred 1228 | . . 100 1128 Parts Sabotaged . | . . . . Parts Stolen . | . . . . Parts Stripped . | . . . . Power Chain Reactions . | . . . . Alert | -11 -10 -9 -8 ------- Run | Yrd Mat Mat Mat Peak Influence 280 | 5 260 280 186 Initial 109 | . 3 109 31 Average 98 | 1 121 103 72 Maximum Alert Level 1 | . 1 1 . Low Security (%) 90 | 100 69 96 100 Level 1 9 | . 30 3 . Level 2 . | . . . . Level 3 . | . . . . Level 4 . | . . . . Level 5 . | . . . . High Security . | . . . . Max Security . | . . . . Squads Dispatched 9 | . 4 2 3 Investigation 7 | . 4 2 1 Extermination . | . . . . Reinforcement 1 | . . . 1 Assault . | . . . . Garrison 1 | . . . 1 Intercept . | . . . . Searches Triggered . | . . . . Construction Impeded . | . . . . Haulers Reinforced . | . . . . Active Scanning Responses . | . . . . Cargo Convoy Interrupts . | . . . . Stealth | -11 -10 -9 -8 --------- Run | Yrd Mat Mat Mat Distress Signals 5 | . 1 4 . Communications Jammed . | . . . . Distress Signals . | . . . . Times Spotted 59 | . 23 21 15 Peak Tracking Total 6 | . 5 4 6 Tactical Retreats 1 | . 1 . . Traps | -11 -10 -9 -8 ------- Run | Yrd Mat Mat Mat Traps Triggered 4 | . 3 1 . Indirectly . | . . . . Trap Hack Attempts . | . . . . Triggered . | . . . . Disarmed . | . . . . Reprogrammed . | . . . . Reused . | . . . . Traps Extracted . | . . . . Installed . | . . . . Triggered . | . . . . Machines | -11 -10 -9 -8 ---------- Run | Yrd Mat Mat Mat Machines Disabled 3 | . . . 3 Max in Single Turn 2 | . . . 2 Machines Repaired . | . . . . Machines Dismantled . | . . . . Machines Sabotaged . | . . . . Overloaded Fab Kills . | . . . . Hacking | -11 -10 -9 -8 --------- Run | Yrd Mat Mat Mat Machines Accessed 14 | . 5 7 2 Terminals 11 | . 5 5 1 Fabricators . | . . . . Repair Stations . | . . . . Recycling Units 1 | . . 1 . Scanalyzers 2 | . . 1 1 Garrison Access . | . . . . Total Hacks 62 | . 27 28 7 Successful 38 | . 18 15 5 Failed 24 | . 9 13 2 Catastrophic 1 | . 1 . . Database Lockouts . | . . . . Manual . | . . . . Terminals 51 | . 27 21 3 Fabricators . | . . . . Repair Stations . | . . . . Recycling Units 4 | . . 4 . Scanalyzers 7 | . . 3 4 Garrison Access . | . . . . Terminal Hacks 32 | . 18 13 1 Record 12 | . 7 5 . Prototype ID Bank 4 | . 2 1 1 Emergency Access Points 2 | . 1 1 . Alert Level 4 | . 2 2 . Unreport Threat 1 | . . 1 . Dispatch Records 1 | . 1 . . Surveillance Status 1 | . 1 . . Transport Status 1 | . . 1 . Investigation Status 2 | . 2 . . Assault Status 1 | . . 1 . Hauler Manifests 1 | . 1 . . Zone Layout 2 | . 1 1 . Fabricator Hacks . | . . . . Repair Station Hacks . | . . . . Recycling Unit Hacks 1 | . . 1 . Retrieve Components 1 | . . 1 . Scanalyzer 5 | . . 1 4 Insert Component 3 | . . 1 2 Analyze 2 | . . . 2 Garrison Access Hacks . | . . . . Unauthorized Hacks . | . . . . Terminals . | . . . . Fabricators . | . . . . Repair Stations . | . . . . Recycling Units . | . . . . Scanalyzers . | . . . . Garrison Access . | . . . . Data Cores Recovered . | . . . . Used . | . . . . Hacking Detections 13 | . 5 6 2 Full Trace Events 11 | . 4 5 2 Feedback Events 1 | . 1 . . Corruption 1 | . 1 . . Feedback Blocked . | . . . . Robot Schematics Acquired . | . . . . Robots Built . | . . . . Authchips . | . . . . Time . | . . . . Total Robot Build Rating . | . . . . Part Schematics Acquired 2 | . . . 2 Parts Built . | . . . . Authchips . | . . . . Time . | . . . . Total Part Build Rating . | . . . . Parts Repaired . | . . . . Time . | . . . . Parts Recycled . | . . . . Recycled Matter . | . . . . Retrieved Matter . | . . . . Retrieved Components 1 | . . 1 . Parts Scanalyzed 3 | . . 1 2 Part Schematics Acquired 2 | . . . 2 Parts Damaged . | . . . . Bothacking | -11 -10 -9 -8 ------------ Run | Yrd Mat Mat Mat Used RIF Installer . | . . . . Robots Hacked . | . . . . Non-combat . | . . . . Combat . | . . . . Robot Hacks Applied . | . . . . Relay Couplers Released . | . . . . Fabnet Peak Effective % . | . . . . Robots Rewired . | . . . . Allies Hacked . | . . . . Hacks Repelled . | . . . . Allies | -11 -10 -9 -8 -------- Run | Yrd Mat Mat Mat Total Allies . | . . . . Largest Group . | . . . . Highest-Rated Group . | . . . . Highest-Rated Ally . | . . . . Total Orders . | . . . . Ally Attacks . | . . . . Total Damage . | . . . . Kills . | . . . . Allies Corrupted . | . . . . Allies Melted . | . . . . Intel | -11 -10 -9 -8 ------- Run | Yrd Mat Mat Mat Robot Analysis Total . | . . . . Derelict Logs Recovered . | . . . . Drone Launches . | . . . . Drone Recoveries . | . . . . Exploration | -11 -10 -9 -8 ------------- Run | Yrd Mat Mat Mat Turns Passed 2733 | 83 673 1468 509 Spaces Moved 974 | 54 345 425 150 Core 28 | 19 . 7 2 Treads 383 | 35 153 47 148 Legs 480 | . 192 288 . Wheels 83 | . . 83 . Hover . | . . . . Flight . | . . . . Fastest Speed 50 | 50 120 120 240 Average Speed 213 | 121 148 261 256 Slowest Speed 1750 | 160 320 1750 1400 Overloaded Moves . | . . . . Propulsion Burnouts . | . . . . Robots Hopped . | . . . . Cave-ins Triggered . | . . . . Exploration Rate (%) 29 | 4 59 36 19 Regions Visited 3 Branch Regions . Pre-discovered Areas . | . . . . Known Exits Taken . | . . . . Unknown Exits Taken 3 | 1 1 1 . Scrap Searched . | . . . . Spaces Dug . | . . . . Terrain Destroyed 10 | . . . 10 Melee . | . . . . Projectile . | . . . . AOE 10 | . . . 10 Terrain Rammed . | . . . . Walls Destroyed . | . . . . Machines Disabled . | . . . . Actions | -11 -10 -9 -8 --------- Run | Yrd Mat Mat Mat Total 1393 | 71 427 680 215 Wait 107 | . . 106 1 Move 971 | 53 344 424 150 Hop . | . . . . Pick Up 69 | 7 17 35 10 Fast Attach . | . . . . Attach 58 | 7 14 26 11 Detach 8 | . 2 4 2 Swap 2 | . . 2 . Drop 35 | 2 8 22 3 Fire 141 | 2 42 61 36 Melee . | . . . . Ram . | . . . . Kick . | . . . . Crush 2 | . . . 2 Escape Stasis . | . . . . Rewire . | . . . . Trap . | . . . . Miscellaneous . | . . . . Route ------- -11/Scrapyard -10/Materials (discovered 2 exits: *Mat / [*Min]) -9/Materials -8/Materials History --------- Turn | Location | Event 13 | -11/Scrapyard | Discovered new exit (range 16) 84 | -11/Scrapyard | Entered Materials 313 | -10/Materials | Build established: Mutant 415 | -10/Materials | Lost 3 parts (2u1w) 491 | -10/Materials | Discovered new exit (range 6) 730 | -10/Materials | Discovered new exit (range 10) 757 | -10/Materials | Entered another Materials area 757 | -9/Materials | Evolved 2 slots: Power x1, Propulsion x1 1724 | -9/Materials | Lost 4 parts (3n1w) 2189 | -9/Materials | Discovered new exit (range 15) 2225 | -9/Materials | Entered another Materials area 2225 | -8/Materials | Evolved 2 slots: Utility x1, Weapon x1 2397 | -8/Materials | Build established: Scavenger-Mutant 2691 | -8/Materials | Garrison activated, responded to threat 2719 | -8/Materials | Core integrity fell below 50% 2728 | -8/Materials | Core integrity fell below 20% 2734 | -8/Materials | Destroyed by G-47 Trooper with Particle Gun Last Messages --------------- Sml. Laser destroyed. Critical hit (Burn: +37). U-05 Engineer lays Concrete. Critical hit (Burn: +37). U-05 Engineer lays Concrete. Critical hit (Burn: +37). Imp. Heat Sink severed. U-05 Engineer lays Concrete. R-06 Scavenger collects Heat Sink. U-05 Engineer lays Concrete. U-05 Engineer builds a Wall. U-05 Engineer lays Concrete. R-06 Scavenger collects Wheel. U-05 Engineer lays Concrete. K-01 Serf collects debris. U-05 Engineer lays Concrete. R-06 Scavenger collects Mining Laser. U-05 Engineer lays Concrete. U-05 Engineer builds a Wall. K-01 Serf collects debris. Map ----- +----------------------------------------------------+ | ?????????????????????????????????????????????? | | ?????????????????????????????????????????????? | | ?????????????????????????????????????????????? | | ?????????????????????????????????????????????? | | ?????????????????????????????????????????????? | | ?????????????????????????????????????????????? | | ?????????????????????????????????????????????? | | ?????????????????????????????????????????????? | | ?????????????????????????????????????????????? | | ???????????????????? ????????????????????????? | | ???????????????????? ????????????????????????? | | ???????????????????? ????????????????????????? | | ???????????????????? ????????????????????????? | | ???????????????????? ####?????###????????????? | | ???????????##??#???? ???? ????????????? | | ???????????# ?# ??? ?? ???????????? | | ???????????? # ???????????? | | ????????????? # """ %""" ???????????? | | ?????????????? """ """ ?????????????? | | ???????????????#u """ %""" k #??????????????? | | ???????????????# g %* ###????????????? | | ?????????????### g u "" #???????????? | | ?????????????#"" g G"????????????? | | ?????????????#"T g "" ????????????? | | ?????????????#"" l g #??????????????? | | ?????????????## @ #??????????????? | | ??????????????# #??????????????? | | ??????????????## u u % #??????????????? | | ??????????????### # # # r! #??????????????? | | ??????????????# # %! #??????????????? | | ??????????????# ! # * #??????????????? | | ??????????????# # #??????????????? | | ??????????????# "" # #??????????????? | | ??????????????# "" """ # #??????????????? | | ??????????????# S"" """ # #??????????????? | | ??????????????# "" """ # #??????????????? | | ??????????????# # #??????????????? | | ?#################+###### #??????????????? | | ?# #?# #????# #??????????????? | | ?# "" """ """ #?#*#????# #??????????????? | | ?# "" """ """ ###%###### #??????????????? | | ?# "T """ """ # [ #??????????????? | | ## "" """ """ # #??????????????? | | # "" %+ #??????????????? | | ## % "" """ # #??????????????? | | ?# """ "" # #??????????????? | | ?# """ """ ### ####### ##??????????????? | | ?# """ """ #?# #?????# #???????????????? | | ?# / #?# #?????# #???????????????? | | ?###############?# #?????# #???????????????? | +----------------------------------------------------+ Best States ------------- Heat Dissipation 45 Energy Generation 23 Energy Capacity 430 Matter Stores 450 Matter Capacity 450 Sight Range 16 Terrain Scan Density 10 Armor Coverage 150 Core Shielding 20 Weapon Shielding 33 Evasion (%) 55 Targeting Accuracy 5 Recoil Reduction 3 Salvage Targeting 1 Item Schematics ----------------- Lgt. Treads | -8/Materials | Scanalyzed Hvy. Assault Rifle | -8/Materials | Scanalyzed Robot Schematics ------------------ None Fabricated ------------ Nothing Alien Tech Used ----------------- None Achievements -------------- Tank Challenges ------------ None Game ------ Seed AssemblyThermicNanoactuators Manual? 0 Play Time 00:31:54 Cumulative 5.7 hours Start 2024.04.08 @ 10:39:51 End 2024.04.08 @ 11:13:42 Sessions 1 Manual Loads 0 Difficulty Rogue Special Mode None Game No. 9 Rogue 9 Adventurer 0 Explorer 0 Win Type - Total 0 Types 0/0/0/0/0/0/0/0/0 Lore% 6 Gallery% 11 Achievement% 12 Wizard Run 0 Options --------- Layout 1 ASCII 0 Keyboard 0 Movement Mouse Keybinds 0 Fullscreen 1 Font 24/Smallcaps Map View 50x35 Zoom Use 0% Tactical HUD 0 Map Filters NONE Filters NONE Steam 1 RUN: 31f4fd54-4722-433f-b6db-a3b78921e3da